 Dungeon Crawl Stone Soup version 0.31-a0-424-g41b3b0883d (webtiles) character file.

Game seed: 15750117460355642278

19 Ajdolov the Changeling (level 2, 0/14 HPs)
             Began as a Vine Stalker Shapeshifter on July 30, 2023.
             Slain by a hound (4 damage)
             ... on level 2 of the Dungeon.
             The game lasted 00:00:48 (1122 turns).

Ajdolov the Changeling (Vine Stalker Shapeshifter)  Turns: 1122, Time: 00:00:48

Health: 0/14       AC:  8    Str: 17    XL:     2   Next: 75%
Magic:  0/3        EV:  7    Int:  8    God:
Gold:   10         SH:  0    Dex: 14    Spells: 1/1 levels left

rFire   . .          .
                       - Unarmed
rCold   . . .        (no shield)
rNeg    . . .        g - +0 chain mail
rPois   .            (helmet currently unavailable)
rElec   .            (cloak currently unavailable)
rCorr   .            (gloves currently unavailable)
SInv    .            (boots currently unavailable)
Will    .....        (no amulet) Stlth
                     (no ring)
HPRegen 0.22/turn    (no ring)
MPRegen 0.08/turn

%: guardian spirit
@: beast-form
A: beast (slay +2), fangs 2, magic shield, antimagic bite, no potion heal 2
a: Begin Untransformation


You were on level 2 of the Dungeon.
You were a hulking beast.
You visited 1 branch of the dungeon, and saw 2 of its levels.

You collected 10 gold pieces.

Inventory:

Armour
 g - a +0 chain mail (worn)
Talismans
 c - a beast talisman (active)
Scrolls
 d - a scroll of teleportation {unknown}
 e - a scroll of immolation {unknown}
 f - 2 scrolls of identify {unknown}
Potions
 a - a potion of heal wounds {unknown}
 b - 2 potions of lignification


   Skills:
 - Level 0.8 Fighting
 - Level 1.5 Dodging
 + Level 3.3 Unarmed Combat
 * Level 3.4 Shapeshifting


You had one spell level left.
You didn't know any spells.
Your spell library contained the following spells:

 Spells                   Type           Power      Damage    Failure   Level
 Freeze                   Ice            0%         1d3       99%         1
 Summon Small Mammal      Summ           0%         N/A       99%         1
 Sublimation of Blood     Necr           0%         N/A       100%        2
 Wereblood                Tmut           0%         N/A       100%        2
 Call Canine Familiar     Summ           0%         N/A       100%        3
 Frozen Ramparts          Ice            0%         1d1       100%        3
 Hailstorm                Conj/Ice       0%         3d3       100%        3
 Summon Guardian Golem    Hex/Summ       0%         N/A       100%        3
 Summon Hydra             Summ           0%         N/A       100%        7


Dungeon Overview and Level Annotations

Branches:
Dungeon (2/15)

Altars:


Innate Abilities, Weirdness & Mutations

You are a hulking beast.
Your limbs bulge with bestial killing power. (Slay +2)
You have extremely sharp teeth.
When hurt, damage is shared between your health and your magic reserves.
Your bite disrupts and absorbs the magic of your enemies.
Potions cannot restore your health.


Message History

The worm bites you but does no damage.
You hit the worm.
The worm is severely wounded.
You hit the worm.
You kill the worm!
You see here a worm corpse.
HP restored.
You see here a +0 ring mail.
You open the door.
There is an open door here.
Found a stone staircase leading down.
A frilled lizard and a rat come into view.
Found a chain mail.
The frilled lizard hisses angrily.
You miss the frilled lizard. The frilled lizard barely misses you.
You hit the frilled lizard.
You kill the frilled lizard!
The rat bites you but does no damage.
You hit the rat.
You kill the rat!
No target in view!
Found a dagger.
A rat comes into view.
A goblin and a hound come into view.
The goblin shouts!
The hound barks!
You hear an angry hiss.
The hound bites you but does no damage.
An adder comes into view.
You hit the hound. You bite the hound. You drain its power.
The hound is heavily wounded.
The hound bites you.
You completely miss the hound.
The hound is heavily wounded.
The hound bites you. The hound attacks as you move away!
The hound barely misses you. The hound bites you.
* * * LOW HITPOINT WARNING * * *
You barely miss the hound. Your bite misses the hound.
The hound is heavily wounded.
The hound bites you.
You die...

.....# ..... S...
... .. . ########
.# ... ###
#......###.#.....
...#
#.....[.hhr.g)...
#..#
#.......##.##....
....##......## .#
. #...#.....# .#
###.>.##### #.#
####.########.#
+.............##
####.####......#
#.# #......#


You could see a hound, a goblin and a rat.

Vanquished Creatures
  A worm (D:2)
  3 ball pythons (D:1)
  3 endoplasms (D:1)
  2 giant cockroaches (D:1)
  3 goblins (D:1)
  A bat (D:1)
  A frilled lizard (D:2)
  2 rats
16 creatures vanquished.

Notes
Turn   | Place    | Note
-------+----------+-------------------------------------------
     0 | D:1      | Ajdolov the Vine Stalker Shapeshifter began the quest for
                  | the Orb.
     0 | D:1      | Reached XP level 1. HP: 9/9 MP: 2/2
     2 | D:1      | Noticed a tengu
     2 | D:1      | Noticed a naga
     4 | D:1      | Noticed a ghoul
     4 | D:1      | Noticed a spriggan
     6 | D:1      | Noticed a merfolk
     6 | D:1      | Noticed a meteoran
     8 | D:1      | Noticed a troll
     8 | D:1      | Noticed a demigod
    10 | D:1      | Noticed an elf
    10 | D:1      | Noticed a felid
    12 | D:1      | Noticed a human
    14 | D:1      | Noticed a vine stalker
    14 | D:1      | Noticed a draconian
    16 | D:1      | Noticed an armataur
    16 | D:1      | Noticed a formicid
    18 | D:1      | Noticed an octopode
    20 | D:1      | Noticed a demonspawn
    22 | D:1      | Noticed an ogre
    22 | D:1      | Noticed a gargoyle
    24 | D:1      | Noticed a ghoul
    24 | D:1      | Noticed a minotaur
    26 | D:1      | Noticed a ghoul
    26 | D:1      | Noticed a felid
   248 | D:1      | Reached XP level 2. HP: 14/14 MP: 3/3
   379 | D:1      | Found a faded altar of an unknown god.
  1122 | D:2      | Slain by a hound

Illustrated notes

Levels and vault maps discovered:
D:1:      kb_arrival_jail, layout_loops_corners, ebering_ecumenical_altar_mist,
          serial_rivers, chequers_serial_rivers_large_a,
          chequers_serial_rivers_room_b, chequers_serial_rivers_small_b,
          chequers_serial_rivers_room_b, chequers_serial_rivers_small_3
D:2:      layout_basic, uniq_sigmund

Action                     || total
---------------------------++-------
  Melee: Unarmed           ||    29
         Bite              ||     9
         Punch             ||     3
 Armour: Animal skin       ||     5
         Chain mail        ||     3
  Dodge: Dodged            ||    12

Table legend: (Time is in decaauts)
 A = Elapsed time spent in this place.
 B = Non-inter-level travel time spent in this place.
 C = Inter-level travel time spent in this place.
 D = Time resting spent in this place.
 E = Time spent auto-exploring this place.
 F = Levels seen in this place.
 G = Mean time per level.
                   A        B        C        D        E       F      G
               +--------+--------+--------+--------+--------+-----+--------+
         Total |   1144 |   1078 |     66 |      0 |    963 |   2 |  572.0 |
       Dungeon |   1144 |   1078 |     66 |      0 |    963 |   2 |  572.0 |
               +--------+--------+--------+--------+--------+-----+--------+

Top non-repeatable levels by time:
     D:1: 1025 daAuts
     D:2: 119 daAuts
